| TOP OF THE 1ST |
|
Oakland Athletics batting - Pitching for New York Yankees : LHP Arturo Eli
|
|
Pitching: LHP Arturo Eli
|
|
|
Batting: RHB Jason May
|
0-0: Called Strike 0-1: SINGLE (Popup, 6MD, EV 64.4 MPH)
|
|
Batting: RHB Nick Gentzel
|
0-0: Ball 1-0: Called Strike 1-1: Called Strike 1-2: Strikes out swinging
|
|
Batting: RHB Muneo Kawachi
|
0-0: Ball 1-0: Ball 2-0: Called Strike 2-1: Swinging Strike 2-2: Strikes out swinging
|
|
Batting: RHB Randy Shrewsbury
|
0-0: Ball 1-0: Called Strike Jason May is caught stealing 2nd base 2-4
|
| Top of the 1st over - 0 runs, 1 hit, 0 errors, 0 left on base; Oakland 0 - New York 0 |
| BOTTOM OF THE 1ST |
|
New York Yankees batting - Pitching for Oakland Athletics : RHP Corbin Schenn
|
|
Pitching: RHP Corbin Schenn
|
|
|
Batting: LHB Jordan de Jesus
|
0-0: Called Strike 0-1: Bunt for hit to 3S - play at first, batter safe!
|
|
Batting: RHB Henri Cederberg
|
0-0: Ball 1-0: Called Strike 1-1: Ball 2-1: Swinging Strike 2-2: SINGLE (Groundball, 56S, EV 73.1 MPH) (infield hit) Jordan de Jesus to second
|
|
Batting: LHB Jim Skare
|
0-0: Ground out 4-3 (Groundball, 34, EV 102.5 MPH) Jordan de Jesus to third Henri Cederberg to second
|
|
Batting: RHB Adriaan Pieters
|
0-0: Ball 1-0: Ground out 3-1 (Groundball, 34, EV 91.9 MPH) Jordan de Jesus scores Henri Cederberg to third
|
|
Batting: RHB Shiro Suehiro
|
0-0: Called Strike 0-1: SINGLE (Line Drive, 4D, EV 105.6 MPH) Henri Cederberg scores
|
|
Batting: LHB Joel Vera
|
0-0: Ball 1-0: Called Strike 1-1: Fly out, F3 (Popup, 3S, EV 64.4 MPH)
|
| Bottom of the 1st over - 2 runs, 3 hits, 0 errors, 1 left on base; Oakland 0 - New York 2 |
| TOP OF THE 2ND |
|
Oakland Athletics batting - Pitching for New York Yankees : LHP Arturo Eli
|
|
Batting: RHB Randy Shrewsbury
|
0-0: Ball 1-0: Ball 2-0: Foul Ball, location: 2F 2-1: Ground out 6-3 (Groundball, 6, EV 82.5 MPH)
|
|
Batting: RHB Tommy Baird
|
0-0: Called Strike 0-1: Foul Ball, location: 2F 0-2: Ground out 5-3 (Groundball, 56, EV 106.9 MPH)
|
|
Batting: SHB Quincy Bradford
|
0-0: Ball 1-0: Fly out, F8 (Flyball, 8RD, EV 91.9 MPH)
|
| Top of the 2nd over - 0 runs, 0 hits, 0 errors, 0 left on base; Oakland 0 - New York 2 |
| BOTTOM OF THE 2ND |
|
New York Yankees batting - Pitching for Oakland Athletics : RHP Corbin Schenn
|
|
Batting: RHB Russ Shambaugh
|
0-0: Ball 1-0: Called Strike 1-1: Called Strike 1-2: Ball 2-2: Strikes out swinging
|
|
Batting: RHB Geni Prawiranega
|
0-0: Ball 1-0: Ball 2-0: Swinging Strike 2-1: Foul Ball, location: 2F 2-2: Strikes out swinging
|
|
Batting: RHB Larry Martell
|
0-0: Called Strike 0-1: Swinging Strike 0-2: Ball 1-2: SINGLE (Groundball, 6S, EV 66.2 MPH) (infield hit)
|
|
Batting: LHB Jordan de Jesus
|
0-0: Ball 1-0: Ball 2-0: Fly out, F6 (Popup, 6, EV 65.6 MPH)
|
| Bottom of the 2nd over - 0 runs, 1 hit, 0 errors, 1 left on base; Oakland 0 - New York 2 |
| TOP OF THE 3RD |
|
Oakland Athletics batting - Pitching for New York Yankees : LHP Arturo Eli
|
|
Batting: LHB Tom Butterbaugh
|
0-0: Foul Ball, location: 2F 0-1: Ball 1-1: Ball 2-1: SINGLE (Flyball, 8RS, EV 93.8 MPH)
|
|
Batting: RHB Garry Hash
|
0-0: Ball 1-0: Swinging Strike 1-1: Foul Ball, location: 2F 1-2: Strikes out swinging
|
|
Batting: SHB D.J. Codd
|
0-0: Foul Ball, location: 2F 0-1: Swinging Strike 0-2: Strikes out swinging
|
|
Batting: RHB Jason May
|
0-0: Called Strike 0-1: Foul Ball, location: 2F 0-2: Ball 1-2: Foul Ball, location: 2F 1-2: Strikes out looking
|
| Top of the 3rd over - 0 runs, 1 hit, 0 errors, 1 left on base; Oakland 0 - New York 2 |
| BOTTOM OF THE 3RD |
|
New York Yankees batting - Pitching for Oakland Athletics : RHP Corbin Schenn
|
|
Batting: RHB Henri Cederberg
|
0-0: Called Strike 0-1: Ball 1-1: Swinging Strike 1-2: Ball 2-2: Ball 3-2: Fly out, F8 (Flyball, 8LD, EV 84.4 MPH)
|
|
Batting: LHB Jim Skare
|
0-0: Called Strike 0-1: Foul Ball, location: 2F 0-2: Strikes out looking
|
|
Batting: RHB Adriaan Pieters
|
0-0: Swinging Strike 0-1: Foul Ball, location: 2F 0-2: Fly out, F9 (Line Drive, 9D, EV 83.8 MPH)
|
| Bottom of the 3rd over - 0 runs, 0 hits, 0 errors, 0 left on base; Oakland 0 - New York 2 |
| TOP OF THE 4TH |
|
Oakland Athletics batting - Pitching for New York Yankees : LHP Arturo Eli
|
|
Batting: RHB Nick Gentzel
|
0-0: Called Strike 0-1: Ball 1-1: Called Strike 1-2: Ground out 6-3 (Groundball, 56, EV 91.2 MPH)
|
|
Batting: RHB Muneo Kawachi
|
0-0: Ball 1-0: Fly out, F8 (Flyball, 8LD, EV 93.8 MPH)
|
|
Batting: RHB Randy Shrewsbury
|
0-0: Swinging Strike 0-1: Fly out, F9 (Flyball, 89S, EV 88.8 MPH)
|
| Top of the 4th over - 0 runs, 0 hits, 0 errors, 0 left on base; Oakland 0 - New York 2 |
| BOTTOM OF THE 4TH |
|
New York Yankees batting - Pitching for Oakland Athletics : RHP Corbin Schenn
|
|
Batting: RHB Shiro Suehiro
|
0-0: Foul Ball, location: 2F 0-1: Ball 1-1: Fly out, F9 (Line Drive, 9LM, EV 110.0 MPH)
|
|
Batting: LHB Joel Vera
|
0-0: Ball 1-0: Ball 2-0: Foul Ball, location: 2F 2-1: Foul Ball, location: 2F 2-2: Foul Ball, location: 2F 2-2: Ball 3-2: Strikes out looking
|
|
Batting: RHB Russ Shambaugh
|
0-0: Called Strike 0-1: Ball 1-1: Ball 2-1: SINGLE (Line Drive, 4M, EV 106.9 MPH)
|
|
Batting: RHB Geni Prawiranega
|
0-0: Ball 1-0: Ball 2-0: Swinging Strike 2-1: Foul Ball, location: 2F 2-2: Ball 3-2: Ground out 5-3 (Groundball, 56, EV 82.5 MPH)
|
| Bottom of the 4th over - 0 runs, 1 hit, 0 errors, 1 left on base; Oakland 0 - New York 2 |
| TOP OF THE 5TH |
|
Oakland Athletics batting - Pitching for New York Yankees : LHP Arturo Eli
|
|
Batting: RHB Tommy Baird
|
0-0: Ball 1-0: Ball 2-0: Called Strike 2-1: Swinging Strike 2-2: SINGLE (Groundball, 6MD, EV 83.8 MPH) (infield hit)
|
|
Batting: SHB Quincy Bradford
|
0-0: Called Strike 0-1: Fly out, F8 (Flyball, 8RD, EV 74.4 MPH)
|
|
Batting: LHB Tom Butterbaugh
|
0-0: Called Strike 0-1: Ball 1-1: Ball 2-1: Called Strike 2-2: Strikes out looking
|
|
Batting: RHB Garry Hash
|
0-0: Foul Ball, location: 2F 0-1: Ball 1-1: Foul Ball, location: 2F 1-2: Strikes out looking
|
| Top of the 5th over - 0 runs, 1 hit, 0 errors, 1 left on base; Oakland 0 - New York 2 |
| BOTTOM OF THE 5TH |
|
New York Yankees batting - Pitching for Oakland Athletics : RHP Corbin Schenn
|
|
Batting: RHB Larry Martell
|
0-0: Ground out 6-3 (Groundball, 6, EV 80.6 MPH)
|
|
Batting: LHB Jordan de Jesus
|
0-0: Foul Ball, location: 2F 0-1: Ball 1-1: DOUBLE (Line Drive, 78M, EV 105.0 MPH)
|
|
Batting: RHB Henri Cederberg
|
0-0: Foul Ball, location: 2F 0-1: DOUBLE (Line Drive, 89XD, EV 108.8 MPH) Jordan de Jesus scores
|
|
Batting: LHB Jim Skare
|
0-0: Ball 1-0: Foul Ball, location: 2F 1-1: Fly out, F9 (Flyball, 9D, EV 90.0 MPH) Runner from 2nd tags up, SAFE at 3rd, no throw by RF
|
|
Batting: RHB Adriaan Pieters
|
0-0: Called Strike 0-1: Ball 1-1: Ball 2-1: Called Strike 2-2: Foul Ball, location: 2F 2-2: Foul Ball, location: 2F 2-2: Fly out, F8 (Flyball, 8RD, EV 88.1 MPH)
|
| Bottom of the 5th over - 1 run, 2 hits, 0 errors, 1 left on base; Oakland 0 - New York 3 |
| TOP OF THE 6TH |
|
Oakland Athletics batting - Pitching for New York Yankees : LHP Arturo Eli
|
|
Batting: SHB D.J. Codd
|
0-0: Ball 1-0: Called Strike 1-1: Swinging Strike 1-2: Ball 2-2: Ball 3-2: SINGLE (Groundball, P, EV 83.1 MPH) (infield hit)
|
|
Batting: RHB Jason May
|
0-0: Called Strike 0-1: Foul Ball, location: 2F 0-2: Foul Ball, location: 2F 0-2: Ball 1-2: Strikes out swinging
|
|
Batting: RHB Nick Gentzel
|
0-0: Ball 1-0: Swinging Strike 1-1: Called Strike 1-2: Fielders Choice at 2nd, 5-4 (Groundball, 5, EV 83.8 MPH)
|
|
Batting: RHB Muneo Kawachi
|
0-0: Ball 1-0: Ball 2-0: Ground out 4-3 (Groundball, 4, EV 99.4 MPH)
|
| Top of the 6th over - 0 runs, 1 hit, 0 errors, 1 left on base; Oakland 0 - New York 3 |
| BOTTOM OF THE 6TH |
|
New York Yankees batting - Pitching for Oakland Athletics : RHP Corbin Schenn
|
|
Batting: RHB Shiro Suehiro
|
0-0: DOUBLE (Line Drive, 78XD, EV 105.0 MPH)
|
|
Batting: LHB Joel Vera
|
0-0: Ball 1-0: Called Strike 1-1: Foul Ball, location: 2F 1-2: Ball 2-2: Ground out 4-3 (Groundball, 4S, EV 88.1 MPH) Shiro Suehiro to third
|
|
Batting: RHB Russ Shambaugh
|
0-0: Ground out 6-3 (Groundball, 4M, EV 108.1 MPH) Shiro Suehiro scores
|
|
Batting: RHB Geni Prawiranega
|
0-0: Foul Ball, location: 2F 0-1: Foul Ball, location: 2F 0-2: Foul Ball, location: 2F 0-2: Fly out, F8 (Flyball, 8LD, EV 103.8 MPH)
|
| Bottom of the 6th over - 1 run, 1 hit, 0 errors, 0 left on base; Oakland 0 - New York 4 |
| TOP OF THE 7TH |
|
Oakland Athletics batting - Pitching for New York Yankees : LHP Arturo Eli
|
|
Batting: RHB Randy Shrewsbury
|
0-0: Ball 1-0: Called Strike 1-1: Ball 2-1: Ground out 6-3 (Groundball, 6M, EV 101.9 MPH)
|
|
Batting: RHB Tommy Baird
|
0-0: Ball 1-0: Ground out 5-3 (Groundball, 56S, EV 66.2 MPH)
|
|
Batting: SHB Quincy Bradford
|
0-0: Foul Ball, location: 2F 0-1: Ball 1-1: Swinging Strike 1-2: Foul Ball, location: 2F 1-2: Ball 2-2: Strikes out swinging
|
| Top of the 7th over - 0 runs, 0 hits, 0 errors, 0 left on base; Oakland 0 - New York 4 |
| BOTTOM OF THE 7TH |
|
New York Yankees batting - Pitching for Oakland Athletics : RHP Corbin Schenn
|
|
Batting: RHB Larry Martell
|
0-0: Called Strike 0-1: Called Strike 0-2: Strikes out looking
|
|
Batting: LHB Jordan de Jesus
|
0-0: SINGLE (Groundball, 4MS, EV 75.0 MPH) (infield hit)
|
|
Pitching: RHP Germano Nunes
|
|
|
Batting: RHB Henri Cederberg
|
0-0: Ball 1-0: Called Strike 1-1: Ball 2-1: Foul Ball, location: 2F 2-2: Ball 3-2: Base on Balls Jordan de Jesus to second
|
|
Batting: LHB Jim Skare
|
0-0: Ball 1-0: Called Strike 1-1: Grounds into double play, 6-4-3 (Groundball, 6, EV 105.0 MPH)
|
| Bottom of the 7th over - 0 runs, 1 hit, 0 errors, 1 left on base; Oakland 0 - New York 4 |
| TOP OF THE 8TH |
|
Oakland Athletics batting - Pitching for New York Yankees : LHP Arturo Eli
|
|
Batting: LHB Tom Butterbaugh
|
0-0: Foul Ball, location: 2F 0-1: Ball 1-1: Foul Ball, location: 2F 1-2: Strikes out swinging
|
|
Batting: RHB Garry Hash
|
0-0: Called Strike 0-1: Ball 1-1: Ball 2-1: Called Strike 2-2: Foul Ball, location: 2F 2-2: Strikes out looking
|
|
Batting: SHB D.J. Codd
|
0-0: Foul Ball, location: 2F 0-1: Ball 1-1: Foul Ball, location: 2F 1-2: Strikes out looking
|
| Top of the 8th over - 0 runs, 0 hits, 0 errors, 0 left on base; Oakland 0 - New York 4 |
| BOTTOM OF THE 8TH |
|
New York Yankees batting - Pitching for Oakland Athletics : RHP Germano Nunes
|
|
Batting: RHB Adriaan Pieters
|
0-0: Called Strike 0-1: Swinging Strike 0-2: Ball 1-2: Ball 2-2: Ball 3-2: Foul Ball, location: 2F 3-2: Foul Ball, location: 2F 3-2: SINGLE (Groundball, 34S, EV 71.9 MPH) (infield hit)
|
|
Batting: RHB Shiro Suehiro
|
0-0: Ball 1-0: Foul Ball, location: 2F 1-1: Foul Ball, location: 2F 1-2: DOUBLE (Groundball, 5L, EV 105.6 MPH) Adriaan Pieters to third Runner from 3rd tries for Home, SAFE, throw by LF to home
|
|
Batting: LHB Joel Vera
|
0-0: Ball 1-0: SINGLE (Groundball, 3D, EV 110.0 MPH) Shiro Suehiro to third Runner from 3rd tries for Home, SAFE, throw by RF to home
|
|
Batting: RHB Russ Shambaugh
|
0-0: Foul Ball, location: 2F 0-1: Called Strike 0-2: Ball Joel Vera steals 2nd base 1-2: Ball 2-2: Ball 3-2: Fly out, F8 (Line Drive, 8RS, EV 96.9 MPH)
|
|
Batting: RHB Geni Prawiranega
|
0-0: SINGLE (Groundball, 6MS, EV 68.1 MPH) (infield hit) Joel Vera to third
|
|
Batting: RHB Larry Martell
|
0-0: Swinging Strike 0-1: Ball 1-1: Called Strike 1-2: Ball 2-2: Strikes out swinging
|
|
Pitching: LHP David James
|
|
|
Batting: LHB Jordan de Jesus
|
0-0: Called Strike 0-1: Swinging Strike 0-2: Ball 1-2: Strikes out looking
|
| Bottom of the 8th over - 2 runs, 4 hits, 0 errors, 2 left on base; Oakland 0 - New York 6 |
| TOP OF THE 9TH |
|
Oakland Athletics batting - Pitching for New York Yankees : LHP Arturo Eli
|
|
Batting: RHB Jason May
|
0-0: Called Strike 0-1: Ball 1-1: Foul Ball, location: 2F 1-2: Ball 2-2: Foul Ball, location: 2F 2-2: Ball 3-2: SINGLE (Line Drive, 4D, EV 94.4 MPH)
|
|
Batting: RHB Nick Gentzel
|
0-0: Ball 1-0: Called Strike 1-1: Called Strike 1-2: Ball 2-2: Foul Ball, location: 2F 2-2: DOUBLE (Line Drive, 9LM, EV 95.0 MPH) Jason May to third
|
|
Batting: RHB Muneo Kawachi
|
0-0: DOUBLE (Line Drive, 89M, EV 102.5 MPH) Jason May scores Nick Gentzel scores
|
|
Batting: RHB Randy Shrewsbury
|
0-0: Ball 1-0: Ball 2-0: Ball 3-0: Base on Balls
|
|
Pitching: RHP Isaias Chavez
|
|
|
Batting: RHB Tommy Baird
|
0-0: Called Strike 0-1: Ball 1-1: Grounds into double play, 5-4-3 (Groundball, 56S, EV 85.0 MPH) Muneo Kawachi to third
|
|
Batting: SHB Quincy Bradford
|
0-0: Ball 1-0: Called Strike 1-1: Called Strike 1-2: 2-RUN HOME RUN (Flyball, 9D, EV 97.5 MPH), Distance : 377 ft
|
|
Batting: LHB Tom Butterbaugh
|
0-0: Called Strike 0-1: Called Strike 0-2: Ball 1-2: Strikes out swinging
|
| Top of the 9th over - 4 runs, 4 hits, 0 errors, 0 left on base; Oakland 4 - New York 6 |
|